 Dungeon Crawl Stone Soup version 0.30-a0-847-g17996783a1 (webtiles) character file.

Game seed: 1059474455303664804

427 oldriver the Shooter (level 7, -2/60 HPs)
             Began as a Meteoran Hunter on Mar 4, 2023.
             Slain by an ice beast (12 damage)
             ... on level 5 of the Dungeon.
             The game lasted 00:10:23 (1995 turns).

oldriver the Shooter (Meteoran Hunter)              Turns: 1995, Time: 00:10:23

Health: -2/60      AC:  6    Str: 13    XL:     7   Next: 42%
Magic:  8/8        EV: 12    Int: 10    God:
Gold:   226        SH:  4    Dex: 20    Spells: 6/6 levels left

rFire   + . .      SeeInvis .    l - +0 sling (chaos)
rCold   . . .      Faith    .    q - +0 buckler
rNeg    . . .      Spirit   .    c - +0 leather armour
rPois   .          Reflect  .    (no helmet)
rElec   .          Rampage  .    f - +0 cloak
rCorr   .                        (no gloves)
Will    .....                    A - +1 pair of boots
Stlth   +                        (no amulet)
HPRegen 0.30/turn                m - ring of protection from fire
MPRegen 0.11/turn                (no ring)

@: glowing
A: sense surroundings 1, otherworldly, glowing, explore regen
a: no special abilities


You were on level 5 of the Dungeon.
You visited 1 branch of the dungeon, and saw 5 of its levels.

You collected 226 gold pieces.

Inventory:

Hand Weapons
 a - a +0 shortbow
 b - a +2 dagger of speed
 h - a +0 heavy dire flail
 i - a +0 whip of flaming
 l - a +0 sling of chaos (weapon)
Missiles
 n - 4 silver boomerangs
 p - 3 poisoned darts
 z - 6 stones
Armour
 c - a +0 leather armour (worn)
 f - a +0 cloak (worn)
 q - a +0 buckler (worn)
 A - a +1 pair of boots (worn)
Jewellery
 m - a ring of protection from fire (left hand)
Wands
 s - a wand of roots (11)
 B - a wand of light (9)
Scrolls
 d - 2 scrolls of magic mapping
 e - a scroll of vulnerability
 t - 2 scrolls of teleportation
 v - a scroll of blinking
 y - a scroll of immolation
Potions
 g - a potion of curing
 j - a potion of haste {unknown}
 k - a potion of cancellation {unknown}
 o - 2 potions of brilliance
 r - a potion of magic {unknown}
 u - 2 potions of mutation
 x - a potion of lignification {unknown}


   Skills:
 + Level 4.8 Fighting
 * Level 7.6 Ranged Weapons
 - Level 2.4 Dodging
 - Level 0.6 Stealth


You had 6 spell levels left.
You didn't know any spells.
Your spell library contained the following spells:

 Spells                   Type           Power      Damage    Failure   Level
 Cigotuvi's Dreadful Rot  Necr/Pois/Air  0%         N/A       71%         2
 Poisonous Vapours        Pois/Air       0%         N/A       71%         2
 Sublimation of Blood     Necr           0%         N/A       71%         2
 Wereblood                Tmut           0%         N/A       71%         2
 Mephitic Cloud           Conj/Pois/Air  0%         N/A       90%         3
 Summon Hydra             Summ           0%         N/A       100%        7


Dungeon Overview and Level Annotations

Branches:
Dungeon (5/15) Zot: 937
 Temple: D:4-7

Altars:
Dithmenos
Elyvilon
Gozag
Hepliaklqana
Trog
The Shining One


Innate Abilities, Weirdness & Mutations

You passively map a small area around you.
You are easily found by Zot.
You glow in the dark.
You regain HP and MP as you explore.


Message History

The ice beast is heavily wounded.
The ice beast hits you but does no damage.
The ice beast completely misses you.
Fire: l) +0 sling (chaos)
Press: ? - help, Shift-Dir - straight line, f/p - ice beast
Aim: an ice beast (heavily wounded, berserk, unusually agile, 50% to hit)
You shoot a sling bullet.
The sling bullet barely misses the ice beast.
The ice beast closely misses you.
Fire: l) +0 sling (chaos)
Press: ? - help, Shift-Dir - straight line, f/p - ice beast
Aim: an ice beast (heavily wounded, berserk, unusually agile, 50% to hit)
You shoot a sling bullet.
The sling bullet closely misses the ice beast.
The ice beast hits you. The ice beast freezes you.
The ice beast closely misses you.
Fire: l) +0 sling (chaos)
Press: ? - help, Shift-Dir - straight line, f/p - ice beast
Aim: an ice beast (heavily wounded, berserk, unusually agile, 50% to hit)
You shoot a sling bullet. The sling bullet hits the ice beast.
The ice beast is heavily wounded.
The ice beast barely misses you.
The ice beast hits you but does no damage.
Fire: l) +0 sling (chaos)
Press: ? - help, Shift-Dir - straight line, f/p - ice beast
Aim: an ice beast (heavily wounded, berserk, unusually agile, 50% to hit)
You shoot a sling bullet. The sling bullet hits the ice beast.
The ice beast is severely wounded.
The ice beast hits you. The ice beast freezes you!
Fire: l) +0 sling (chaos)
Press: ? - help, Shift-Dir - straight line, f/p - ice beast
Aim: an ice beast (severely wounded, berserk, unusually agile, 50% to hit)
You shoot a sling bullet.
The sling bullet barely misses the ice beast.
The ice beast hits you. The ice beast freezes you!
* * * LOW HITPOINT WARNING * * *
The ice beast hits you.
* * * LOW HITPOINT WARNING * * *
The ice beast freezes you!
You die...

, * * ### ##_## ##
*..... * #...
#♣...♣# , #...*
.....* , , , #...
*... * # #
#...####Y####...
#.#.......@.......
,#...............#.
* ,
*..)#............##
* ,
#..........#.###
#.####.###.#.#
#######.####.#
#.#.#
..........##.# #..
# ..........##.#
###. * *
..........#..# ..
,,


You could see an ice beast (berserk, agile).

Vanquished Creatures
  A black bear (D:5)
  A phantom (D:3)
  A hound (D:3)
  2 sleepcaps (D:4)
  4 gnolls (D:3)
  5 adders
  2 worms
  4 dart slugs
  8 orcs
  5 endoplasms
  4 giant cockroaches
  5 goblins
  6 hobgoblins
  4 quokkas
  11 ball pythons
  3 bats
  8 frilled lizards
  8 kobolds
  3 rats
85 creatures vanquished.

Vanquished Creatures (others)
  A plant (D:4)
1 creature vanquished.

Grand Total: 86 creatures vanquished

Notes
Turn   | Place    | Note
-------+----------+-------------------------------------------
     0 | D:1      | oldriver the Meteoran Hunter began the quest for the Orb.
     0 | D:1      | Reached XP level 1. HP: 17/17 MP: 2/2
    64 | D:1      | Found a faded altar of an unknown god.
   104 | D:1      | Reached XP level 2. HP: 23/25 MP: 3/3
   308 | D:2      | Reached skill level 5 in Ranged Weapons
   308 | D:2      | Reached XP level 3. HP: 16/30 MP: 4/4
   336 | D:2      | Found a shadowy altar of Dithmenos.
   460 | D:2      | Reached XP level 4. HP: 38/38 MP: 5/5
   644 | D:3      | Found an opulent altar of Gozag.
   704 | D:3      | Reached XP level 5. HP: 45/45 MP: 6/6
   728 | D:3      | Noticed a phantom
   757 | D:3      | Reached skill level 6 in Ranged Weapons
  1013 | D:3      | Killed a phantom
  1014 | D:3      | Reached XP level 6. HP: 32/52 MP: 7/7
  1299 | D:4      | Reached skill level 7 in Ranged Weapons
  1401 | D:4      | Reached XP level 7. HP: 60/60 MP: 8/8
  1410 | D:4      | Found a hazy altar of Hepliaklqana.
  1626 | D:4      | Found a bloodstained altar of Trog.
  1705 | D:4      | Found a white marble altar of Elyvilon.
  1938 | D:5      | Entered Level 5 of the Dungeon
  1981 | D:5      | Found a glowing golden altar of the Shining One.
  1995 | D:5      | Slain by an ice beast

Illustrated notes

Levels and vault maps discovered:
D:1:      giann_forest_graveyard, layout_rooms,
          shapermc_ecumenical_altar_acropolis
D:2:      layout_rooms, basic_altar, hangedman_abyss_or_decor_lesser_grid,
          chequers_serial_rivers_marsh
D:3:      layout_basic, mainiacjoe_overflow_chevrons
D:4:      layout_loops_ring, nicolae_hepliaklqana_hazy_memory,
          mainiacjoe_overflow_alcove_4, trog_hazing_becter
D:5:      layout_rooms, pdpol_wu_jian_five_deadly_venoms, tso_altar,
          lemuel_round_altar, kennysheep_small_spiral,
          nicolae_concentric_dashed_squares_mild, minivault_26, uniq_eustachio,
          uniq_ijyb, uniq_grinder

Skill      XL: |  1  2  3  4  5  6 |
---------------+-------------------+-----
Ranged Weapons | 5 6 7 |  7.6
Fighting       | 3 4 |  4.8
Dodging        | |  2.4
Stealth        | |  0.6

Action                     |  1- 3 |  4- 6 |  7- 9 || total
---------------------------+-------+-------+-------++-------
   Fire: Shortbow          |    62 |    71 |       ||   133
         Sling             |       |   104 |   106 ||   210
  Evoke: Wand              |       |     2 |       ||     2
    Use: Scroll            |       |    11 |     2 ||    13
         Potion            |       |     4 |       ||     4
 Armour: Leather armour    |    14 |    31 |    19 ||    64
  Dodge: Dodged            |    30 |    64 |    26 ||   120
  Block: Buckler           |       |    10 |    14 ||    24

Table legend: (Time is in decaauts)
 A = Elapsed time spent in this place.
 B = Non-inter-level travel time spent in this place.
 C = Inter-level travel time spent in this place.
 D = Time resting spent in this place.
 E = Time spent auto-exploring this place.
 F = Levels seen in this place.
 G = Mean time per level.
                   A        B        C        D        E       F      G
               +--------+--------+--------+--------+--------+-----+--------+
         Total |   2061 |   1926 |    135 |    100 |      0 |   5 |  412.2 |
       Dungeon |   2061 |   1926 |    135 |    100 |      0 |   5 |  412.2 |
               +--------+--------+--------+--------+--------+-----+--------+

Top non-repeatable levels by time:
     D:3: 683 daAuts
     D:4: 663 daAuts
     D:2: 358 daAuts
     D:1: 296 daAuts
     D:5: 59 daAuts
